Map: Babylon LE

Players

陈雯雯 - Winner!

  • Race: Protoss Protoss
  • Spawn Location: 11:00

winzboy

  • Race: Protoss Protoss
  • League: Gold
  • Spawn Location: 5:00

VOD

Have the link to the VOD?

Description

Time

  • Played on: May 27, 2023, 3:24 a.m.
  • Length: 2:34
Show
View Real Time Build Order
Export as new Build Order

陈雯雯 Protoss - Winner!

Build Orders: Cannon Rush 

Get SALT Encoding   

  12  0:00  Probe (Chrono Boost)  
  13  0:09  Probe (Chrono Boost)  
  14  0:19  Pylon  
  14  0:23  Probe  
  15  0:37  Forge  
  15  0:42  Probe  
  16  0:54  Probe  
  16  0:56  Pylon  
  17  1:19  Pylon  
  17  1:27  Photon Cannon  
  17  1:31  Pylon  
  17  1:43  Photon Cannon  
  17  1:44  Photon Cannon  
  17  1:49  Pylon  
  17  1:53  Probe (Chrono Boost)  
  18  2:04  Probe (Chrono Boost)  
  18  2:08  Gateway  
  19  2:19  Photon Cannon  
Show
View Real Time Build Order
Export as new Build Order

winzboy Protoss 

Build Orders:  

Get SALT Encoding   

  12  0:01  Probe  
  13  0:13  Probe  
  14  0:19  Pylon  
  14  0:26  Probe  
  15  0:38  Gateway  
  15  0:42  Probe (Chrono Boost)  
  16  1:25  Zealot  
  16  1:31  Pylon  
  18  1:46  Forge  
Tags
 
League
Gold
Matchup
PvP
Replay Pack
Multiplayer
Spawn Locations
Cross Positions
Add a new tag
Caveats
  • Supply blocks, unpowered buildings, or Contaminate may cause inaccurate times.
  • Supply counts are checked every 10 seconds.